 Dungeon Sprint DCSS version 0.26-a0-665-gefeb406119 (webtiles) character file.

Game seed: 5675960517901102050

1091 mhtbhm the Martial Artist (level 8, -5/54 HPs)
             Began as an Octopode Transmuter on Oct 15, 2020.
             Was a Believer of Makhleb.
             Killed from afar by a gargoyle (21 damage)
             ... with a stone arrow
             ... in the Dungeon (Sprint IX: "|||||||||||||||||||||||||||||").
             The game lasted 00:01:58 (608 turns).

mhtbhm the Martial Artist (Octopode Transmuter)      Turns: 608, Time: 00:01:58

Health: -5/54      AC:  4    Str: 15    XL:     8   Next: 31%
Magic:  10/19      EV: 25    Int: 15    God:    Makhleb [**....]
Gold:   0          SH:  0    Dex: 17    Spells: 12/22 levels left

rFire    . . .     SeeInvis .     - Unarmed
rCold    . . .     Faith    .   (shield currently unavailable)
rNeg     . . .     Spirit   .   (helmet currently unavailable)
rPois    x         Reflect  .   (no amulet)
rElec    .         Harm     .   k - +3 ring of strength
rCorr    .         Rampage  .   l - +2 ring of protection
MR       .....     NoTele   +   (no ring)
Stlth    +++.......             (no ring)
HPRegen  0.18/turn              (no ring)
MPRegen  0.16/turn              (no ring)
                                (no ring)
                                (no ring)

@: spider-form
A: tiny, almost no armour, stealthy swim, (amphibious), 8 rings, (constrict 8)
a: End Transformation, Minor Destruction, Renounce Religion


You were in the Dungeon.
You worshipped Makhleb.
Makhleb was pleased with you.
You were a venomous arachnid creature.
You visited 1 branch

Inventory:

Jewellery
 k - a +3 ring of strength (left front leg)
 l - a +2 ring of protection (right front leg)
Wands
 j - a wand of iceblast (7)
Scrolls
 g - a scroll of blinking
 h - 3 scrolls of remove curse
 i - 2 scrolls of amnesia
Potions
 a - a potion of invisibility
 b - 5 potions of curing
 c - 2 potions of heal wounds
 d - a potion of haste
 e - 4 potions of magic
 f - a potion of berserk rage


   Skills:
 + Level 4.7 Fighting
 + Level 6.6 Dodging
 + Level 3.3 Stealth
 + Level 12.3 Unarmed Combat
 + Level 7.6 Spellcasting
 + Level 5.8 Transmutations
 + Level 2.2 Poison Magic
 + Level 0.3 Evocations


You had 12 spell levels left.
You knew the following spells:

 Your Spells              Type           Power        Failure   Level
a - Beastly Appendage     Tmut           ###...       5%          1
b - Wereblood             Tmut           ###.....     8%          2
c - Spider Form           Tmut/Pois      ###.......   19%         3
d - Ice Form              Ice/Tmut       ##......     58%         4

Your spell library contained the following spells:

 Spells                   Type           Power        Failure   Level
 Blade Hands              Tmut           ###.......   54%         5


Dungeon Overview and Level Annotations

Branches:
Dungeon (1/1)

Altars:
Cheibriados
Dithmenos
Elyvilon
Fedhas
Gozag
Hepliaklqana
Kikubaaqudgha
Makhleb
Nemelex Xobeh
Okawaru
Qazlal
Ru
Sif Muna
Trog
Uskayaw
Vehumet
Wu Jian
Xom
Yredelemnul
Zin
The Shining One
Beogh
Jiyva
Lugonu


Innate Abilities, Weirdness & Mutations

You cannot wear most types of armour.
You are very stealthy in the water. (Stealth+)
((You are amphibious.))
You can wear up to eight rings at the same time.
((You can use your tentacles to constrict eight enemies at once.))
((Your skin changes colour to match your surroundings (Stealth+).))
((Your rubbery body absorbs attacks. (AC +1, EV +1)))


Message History

The gargoyle hurls a stone arrow at you.
The stone arrow misses you.
You hit the gargoyle but do no damage.
The gargoyle is severely damaged.
The gargoyle misses you.
You hit the gargoyle but do no damage.
The gargoyle is severely damaged.
You hit the gargoyle but do no damage.
The gargoyle is severely damaged.
The gargoyle closely misses you.
You hit the gargoyle but do no damage.
The gargoyle is severely damaged.
The gargoyle hurls a stone arrow at you.
The stone arrow hits you!!
* * * LOW HITPOINT WARNING * * *
You hit the gargoyle but do no damage.
The gargoyle is severely damaged.
The gargoyle hurls a stone arrow at you.
The stone arrow hits you!!
You die...

▓_▓
▓_▓
▓_▓
▓_▓
▓_▓
▓_▓
▓_▓
▓_▓
▓s▓
▓9▓
▓Z▓
▓)▓
▓.▓
▓[▓
▓[▓
▓[▓
▓.▓


You could see a gargoyle and a bat zombie.

Vanquished Creatures
  An ugly thing (D)
  A deep elf mage (D)
  A troll (D)
  A howler monkey (D)
  A hound (D)
  A jelly (D)
  2 adders (D)
  A white imp (D)
  An adder zombie (D)
  3 orcs (D)
  2 hobgoblins (D)
  A ball python (D)
  A frilled lizard (D)
  A leopard gecko skeleton (D)
  A rat (D)
19 creatures vanquished.

Notes
Turn   | Place    | Note
-------+----------+-------------------------------------------
     0 | D        | mhtbhm the Octopode Transmuter began the quest for the Orb.
     0 | D        | Reached XP level 1. HP: 13/13 MP: 3/3
    15 | D        | Reached skill level 4 in Unarmed Combat
   229 | D        | Noticed a howler monkey
   229 | D        | Noticed a jelly
   231 | D        | Reached XP level 2. HP: 18/18 MP: 2/5
   236 | D        | Killed a howler monkey
   236 | D        | Reached skill level 5 in Unarmed Combat
   236 | D        | Reached XP level 3. HP: 21/23 MP: 2/8
   238 | D        | Reached skill level 6 in Unarmed Combat
   238 | D        | Reached XP level 4. HP: 18/28 MP: 2/9
   253 | D        | Learned a level 2 spell: Wereblood
   257 | D        | Learned a level 3 spell: Spider Form
   304 | D        | Found a roughly hewn altar of Beogh.
   304 | D        | Found a snail-covered altar of Cheibriados.
   304 | D        | Found a shadowy altar of Dithmenos.
   304 | D        | Found a white marble altar of Elyvilon.
   304 | D        | Found a blossoming altar of Fedhas.
   304 | D        | Found an opulent altar of Gozag.
   305 | D        | Found a hazy altar of Hepliaklqana.
   306 | D        | Found a viscous altar of Jiyva.
   307 | D        | Found an ancient bone altar of Kikubaaqudgha.
   308 | D        | Found a corrupted altar of Lugonu.
   309 | D        | Found a burning altar of Makhleb.
   310 | D        | Found a sparkling altar of Nemelex Xobeh.
   311 | D        | Found an iron altar of Okawaru.
   312 | D        | Found a stormy altar of Qazlal.
   313 | D        | Found a sacrificial altar of Ru.
   314 | D        | Found a shimmering blue altar of Sif Muna.
   315 | D        | Found a bloodstained altar of Trog.
   316 | D        | Found a hide-covered altar of Uskayaw.
   317 | D        | Found a radiant altar of Vehumet.
   318 | D        | Found an ornate altar of the Wu Jian Council.
   319 | D        | Found a shimmering altar of Xom.
   320 | D        | Found a basalt altar of Yredelemnul.
   325 | D        | Found a glowing silver altar of Zin.
   326 | D        | Found a glowing golden altar of the Shining One.
   337 | D        | Became a worshipper of Makhleb the Destroyer
   475 | D        | Learned a level 4 spell: Ice Form
   507 | D        | Reached skill level 7 in Unarmed Combat
   507 | D        | Reached XP level 5. HP: 34/34 MP: 5/11
   510 | D        | Reached * piety under Makhleb
   510 | D        | Reached skill level 1 in Stealth
   520 | D        | Reached ** piety under Makhleb
   564 | D        | Noticed a purple ugly thing
   564 | D        | Noticed a troll
   564 | D        | Noticed a gargoyle
   564 | D        | Noticed a deep elf mage
   566 | D        | Noticed a rust devil
   570 | D        | Noticed a redback
   573 | D        | Killed a deep elf mage
   573 | D        | Reached skill level 5 in Dodging
   573 | D        | Reached skill level 10 in Unarmed Combat
   573 | D        | Reached skill level 5 in Transmutations
   573 | D        | Reached skill level 1 in Poison Magic
   573 | D        | Reached XP level 6. HP: 13/43 MP: 7/15
   573 | D        | Reached XP level 7. HP: 15/47 MP: 7/16
   593 | D        | Killed a purple ugly thing
   593 | D        | Reached skill level 11 in Unarmed Combat
   593 | D        | Reached XP level 8. HP: 10/54 MP: 11/19
   599 | D        | Killed a troll
   599 | D        | Reached skill level 12 in Unarmed Combat
   608 | D        | Killed from afar by a gargoyle

Illustrated notes

Levels and vault maps discovered:
D:        linesprint [early_d, line_temple, items_1, d_10, items_2, lair_1,
          lair_end, items_3, orc_1, orc_end, items_4, d_15, swamp_1, shoals_1,
          snake_1, spider_1, d_20, vaults_1, items_5, swamp_end, shoals_end,
          snake_end, spider_end, vaults_end, d_27, items_6, zot_1, zot_end,
          crypt_end, forest_end, elf_end, slime_end, tomb_end, abyss_end,
          pan_hell_end]

Skill      XL: |  1  2  3  4  5  6  7  8 |
---------------+-------------------------+-----
Unarmed Combat | 4 5 6 7 10 11 12 | 12.3
Dodging        | 3 5 6 |  6.6
Spellcasting   | 3 4 6 7 |  7.6
Transmutations | 3 5 |  5.8
Fighting       | 2 3 4 |  4.7
Stealth        | 2 3 |  3.3
Poison Magic   | 1 2 |  2.2
Evocations     | |  0.3

Action                   |  1- 3 |  4- 6 |  7- 9 || total
-------------------------+-------+-------+-------++-------
Melee: Unarmed           |    17 |    29 |    13 ||    59
       Tentacles         |     7 |     2 |       ||     9
       Kick              |     7 |       |       ||     7
       Constrict         |     5 |     1 |       ||     6
 Cast: Beastly Appendage |     2 |       |       ||     2
       Spider Form       |       |     2 |     1 ||     3
       Wereblood         |       |     2 |       ||     2
Evoke: Wand              |       |       |     3 ||     3
  Use: Scroll            |       |       |     1 ||     1
       Potion            |       |       |     1 ||     1
 Stab: Sleeping          |     1 |       |       ||     1
Armor: Skin              |     2 |       |       ||     2
Dodge: Dodged            |     5 |    16 |    12 ||    33

Table legend: (Time is in decaauts)
 A = Elapsed time spent in this place.
 B = Non-inter-level travel time spent in this place.
 C = Inter-level travel time spent in this place.
 D = Time resting spent in this place.
 E = Time spent auto-exploring this place.
 F = Levels seen in this place.
 G = Mean time per level.
                   A        B        C        D        E       F      G
               +--------+--------+--------+--------+--------+-----+--------+
         Total |    598 |    598 |      0 |    408 |      0 |   1 |  598.0 |
       Dungeon |    598 |    598 |      0 |    408 |      0 |   1 |  598.0 |
               +--------+--------+--------+--------+--------+-----+--------+

Top non-repeatable levels by time:
       D: 598 daAuts
